Workbook

Sheet Tabellenblatt1
A1: Protokoll
A4: Datum | B4: Startuhrzeit | C4: Enduhrzeit | D4: Ereignis | E4: Details | F4: Wichtige Dokumente | G4: Wer | H4: Themengebiet | I4: Status | J4: Dauer | K4: Kommentar
A5: 45798 | B5: 0.79166667 | C5: 0.86805556 | D5: Mail an Hieber für Unterstützung geschrieben & formuliert | F5: =HYPERLINK("", "https://t1p.de/cjm04") -> https://t1p.de/cjm04 | G5: Kaspar | H5: Praxis | J5: =IF(ISBLANK(C5),"",IF(RIGHT(C5,2)="h",TIMEVALUE(LEFT(C5,LEN(C5)-1)/24),C5-B5)) -> 0.076388889
A6: 45799 | B6: 0.45486111 | C6: 0.46527778 | D6: Hr. Hügle nach Unterstützung gefragt. Nimmt an 🥳 | F6: =HYPERLINK("", "") | G6: Kaspar | J6: =IF(ISBLANK(C6),"",IF(RIGHT(C6,2)="h",TIMEVALUE(LEFT(C6,LEN(C6)-1)/24),C6-B6)) -> 0.010416667
A7: 45799 | B7: 0.46180556 | C7: 0.46527778 | D7: Umentschieden. Wir wollen doch nur GGK ersetzen :), müssen noch mit Hr. Beurer reden | G7: Bastian , Kaspar | J7: =IF(ISBLANK(C7),"",IF(RIGHT(C7,2)="h",TIMEVALUE(LEFT(C7,LEN(C7)-1)/24),C7-B7)) -> 0.0034722222
A8: 45799 | B8: 0.72916667 | C8: 0.89583333 | D8: ChatGPT nach ersten Code Ideen fragen & testen. Ohne gutem Ergebnis | F8: =HYPERLINK("", "") | G8: Kaspar | H8: App/Web | J8: =IF(ISBLANK(C8),"",IF(RIGHT(C8,2)="h",TIMEVALUE(LEFT(C8,LEN(C8)-1)/24),C8-B8)) -> 0.16666667
A9: 45800 | B9: 0.54166667 | C9: 0.56319444 | D9: Re: An Hieber zurück geschickt, Vorraussichtliche Unterstützung | F9: E-Mail noch einfügen | G9: Kaspar | J9: =IF(ISBLANK(C9),"",IF(RIGHT(C9,2)="h",TIMEVALUE(LEFT(C9,LEN(C9)-1)/24),C9-B9)) -> 0.021527778
A10: 45800 | B10: 0.61458333 | C10: 0.64583333 | D10: Weiteres Vorgehen Besprochen | G10: Bastian , Kaspar | J10: =IF(ISBLANK(C10),"",IF(RIGHT(C10,2)="h",TIMEVALUE(LEFT(C10,LEN(C10)-1)/24),C10-B10)) -> 0.03125
A11: 45800 | B11: 0.65277778 | C11: 0.69444444 | D11: Erste genaueren Planungen | G11: Bastian , Kaspar | J11: =IF(ISBLANK(C11),"",IF(RIGHT(C11,2)="h",TIMEVALUE(LEFT(C11,LEN(C11)-1)/24),C11-B11)) -> 0.041666667
A12: 45810 | B12: 0.77986111 | C12: 0.84930556 | D12: Kostenplanung | G12: Bastian , Kaspar | J12: =IF(ISBLANK(C12),"",IF(RIGHT(C12,2)="h",TIMEVALUE(LEFT(C12,LEN(C12)-1)/24),C12-B12)) -> 0.069444444
A13: 45810 | B13: 0.84930556 | C13: 0.87222222 | D13: Pitch an Hieber vorbereiten | G13: Bastian , Kaspar | J13: =IF(ISBLANK(C13),"",IF(RIGHT(C13,2)="h",TIMEVALUE(LEFT(C13,LEN(C13)-1)/24),C13-B13)) -> 0.022916667
A14: 45817 | B14: 0.58055556 | C14: 0.93541667 | D14: Planung des Genauen Vorgehens (Erst Navigation, dann Fahren); Gespräch mit Technikexperte; Suche nach Produkte (Zwei auf Ebay angeschrieben- beide Negativ (Zu teuer/ Produkt schon weg) und andere Websiten); Erste Planung der Navigation | G14: Bastian , Kaspar | J14: =IF(ISBLANK(C14),"",IF(RIGHT(C14,2)="h",TIMEVALUE(LEFT(C14,LEN(C14)-1)/24),C14-B14)) -> 0.35486111
A15: 45832 | B15: 0.63541667 | D15: Abholung der Einkaufswagen beim Hieber (Meraner Platz) | G15: Bastian , Kaspar | J15: =IF(ISBLANK(C15),"",IF(RIGHT(C15,2)="h",TIMEVALUE(LEFT(C15,LEN(C15)-1)/24),C15-B15))
A16: 45832 | B16: 0.65486111 | D16: Unterbringung der Einkaufswagen im Büro von Hr. Bäurer | F16: Kosten Überischt (Andere Seite) | G16: Bastian , Kaspar | J16: =IF(ISBLANK(C16),"",IF(RIGHT(C16,2)="h",TIMEVALUE(LEFT(C16,LEN(C16)-1)/24),C16-B16))
A17: 45833 | B17: 0.45833333 | D17: Erste Messungen des Einkaufswagen | G17: Bastian , Kaspar | J17: =IF(ISBLANK(C17),"",IF(RIGHT(C17,2)="h",TIMEVALUE(LEFT(C17,LEN(C17)-1)/24),C17-B17))
A18: 45833 | B18: 0.63194444 | C18: 0.63819444 | D18: Telefonat mit Einkaufswagenhersteller (Wanzl); Bitte um Technische Zeichnung -> Bedienungsanleitung+ alles was er schicken kann | G18: Bastian | J18: =IF(ISBLANK(C18),"",IF(RIGHT(C18,2)="h",TIMEVALUE(LEFT(C18,LEN(C18)-1)/24),C18-B18)) -> 0.00625
A19: 45840 | B19: 0.60416667 | C19: 0.68194444 | D19: Email an Insta360 (Keine Rückmeldung erwartet) | G19: Bastian | J19: =IF(ISBLANK(C19),"",IF(RIGHT(C19,2)="h",TIMEVALUE(LEFT(C19,LEN(C19)-1)/24),C19-B19)) -> 0.077777778
A20: 45846 | B20: 0.64583333 | D20: Einkauf Bauhaus Materialien | G20: Bastian , Kaspar | J20: =IF(ISBLANK(C20),"",IF(RIGHT(C20,2)="h",TIMEVALUE(LEFT(C20,LEN(C20)-1)/24),C20-B20))
A21: 45848 | B21: 0.58333333 | C21: 0.625 | D21: Erstellung Bauplan "Steuerungsboard" | G21: Bastian | H21: Technik | J21: =IF(ISBLANK(C21),"",IF(RIGHT(C21,2)="h",TIMEVALUE(LEFT(C21,LEN(C21)-1)/24),C21-B21)) -> 0.041666667
A22: 45867 | B22: 0.625 | C22: 0.75 | D22: Anfang des Bauen von "Steuerungsboard" | G22: Bastian | J22: =IF(ISBLANK(C22),"",IF(RIGHT(C22,2)="h",TIMEVALUE(LEFT(C22,LEN(C22)-1)/24),C22-B22)) -> 0.125
A23: 45886 | B23: 0.0013888889 | C23: 0.055555556 | D23: Erstellung 3D Zeichnung "Handyhalterung" | G23: Bastian | J23: =IF(ISBLANK(C23),"",IF(RIGHT(C23,2)="h",TIMEVALUE(LEFT(C23,LEN(C23)-1)/24),C23-B23)) -> 0.054166667
A24: 45886 | B24: 0.49097222 | C24: 0.77152778 | D24: Drucken und Zusammenbauen der Handyhalterung | G24: Bastian | J24: =IF(ISBLANK(C24),"",IF(RIGHT(C24,2)="h",TIMEVALUE(LEFT(C24,LEN(C24)-1)/24),C24-B24)) -> 0.28055556
A25: 45886 | B25: 0.73819444 | C25: 0.76666667 | D25: Erstellung 3D Zeichnung "Handyhalterunghaltung" | G25: Bastian | J25: =IF(ISBLANK(C25),"",IF(RIGHT(C25,2)="h",TIMEVALUE(LEFT(C25,LEN(C25)-1)/24),C25-B25)) -> 0.028472222
A26: 45886 | B26: 0.77152778 | C26: 0.84722222 | D26: Drucken und Montage des Handyhalterughalter | G26: Bastian | J26: =IF(ISBLANK(C26),"",IF(RIGHT(C26,2)="h",TIMEVALUE(LEFT(C26,LEN(C26)-1)/24),C26-B26)) -> 0.075694444
A27: 45887 | B27: 0.43055556 | C27: 0.66180556 | D27: (Neu)Drucken und Endmontage der Handyhalterunghaltung | G27: Bastian | J27: =IF(ISBLANK(C27),"",IF(RIGHT(C27,2)="h",TIMEVALUE(LEFT(C27,LEN(C27)-1)/24),C27-B27)) -> 0.23125
A28: 45895 | B28: 0.48611111 | C28: 0.54166667 | D28: Hoverboard in Wehr abholen | F28: =HYPERLINK("", "") | G28: Bastian | H28: Technik | J28: =IF(ISBLANK(C28),"",IF(RIGHT(C28,2)="h",TIMEVALUE(LEFT(C28,LEN(C28)-1)/24),C28-B28)) -> 0.055555556
A29: 45895 | B29: 0.92361111 | C29: 0.96319444 | D29: Informieren wie man Hoverboard als Motor nutzen kann | G29: Bastian | J29: =IF(ISBLANK(C29),"",IF(RIGHT(C29,2)="h",TIMEVALUE(LEFT(C29,LEN(C29)-1)/24),C29-B29)) -> 0.039583333
A30: 45948 | B30: 0.6399537 | C30: 0.72328704 | D30: Protokoll App Erstellt | F30: =HYPERLINK("https://kleiner-nobody.github.io/gittertier/protocol", "Protocol") -> Protocol | G30: Kaspar | H30: App/Web | J30: =IF(ISBLANK(C30),"",IF(RIGHT(C30,2)="h",TIMEVALUE(LEFT(C30,LEN(C30)-1)/24),C30-B30)) -> 0.083333333
A31: 45857 | B31: 0.46681713 | C31: 0.67515046 | D31: Erste Erstellung eines Gittertier Pro Interfaces | F31: =HYPERLINK("https://gittertier.w3spaces.com/", "Version 0.3") -> Version 0.3 | G31: Kaspar | H31: App/Web | I31: App/Web | J31: =IF(ISBLANK(C31),"",IF(RIGHT(C31,2)="h",TIMEVALUE(LEFT(C31,LEN(C31)-1)/24),C31-B31)) -> 0.20833333
A32: 45802 | B32: 0.41930556 | C32: 80h | D32: Erweiterung der Gittertier Pro Interfaces: Keine Genauen Zeitangaben, da Protokoll noch nicht existent. Alle Patches etc. sind auf GitHub nachzulesen. Grober Richtwert | F32: View history;View history graph | G32: Kaspar | H32: App/Web | J32: 3.3333333
A33: 45934 | B33: 0.875 | C33: 0 | D33: Verzweifelter Versuch der Touch-Integration | E33: Stundenlange Suche nach Legacy-Bibliotheken für das veraltete Display. Jede Touch-Library führt zu hunderten Fehlern und Systemabstürzen. Es kostet mich alle Nervenzellen, wirklich. Ich kann nicht mehr. Ohne Touch geht's, mit Touch geht gar nichts | G33: Kaspar | H33: Praxis | J33: =IF(ISBLANK(C33),"",IF(RIGHT(C33,2)="h",TIMEVALUE(LEFT(C33,LEN(C33)-1)/24),C33-B33)) -> -0.875
A34: 45935 | B34: 0 | C34: 0.12612269 | D34: Verzweifelter Versuch der Touch-Integration | E34: Stundenlange Suche nach Legacy-Bibliotheken für das veraltete Display. Jede Touch-Library führt zu hunderten Fehlern und Systemabstürzen. Es kostet mich alle Nervenzellen, wirklich. Ich kann nicht mehr. Ohne Touch geht's, mit Touch geht gar nichts | G34: Kaspar | H34: Praxis | J34: =IF(ISBLANK(C34),"",IF(RIGHT(C34,2)="h",TIMEVALUE(LEFT(C34,LEN(C34)-1)/24),C34-B34)) -> 0.12612269
A35: 45949 | B35: 0.65335648 | C35: 0.69502315 | D35: Protokoll App erweitert | F35: =HYPERLINK("", "") | G35: Kaspar | H35: App/Web | J35: =IF(ISBLANK(C35),"",IF(RIGHT(C35,2)="h",TIMEVALUE(LEFT(C35,LEN(C35)-1)/24),C35-B35)) -> 0.041666667
A36: 45950 | B36: 0.91666667 | C36: 0.92013889 | D36: Informationen über Whatsapp ausgetauscht :) | F36: =HYPERLINK("", "") | G36: Bastian , Kaspar | H36: Praxis | J36: =IF(ISBLANK(C36),"",IF(RIGHT(C36,2)="h",TIMEVALUE(LEFT(C36,LEN(C36)-1)/24),C36-B36)) -> 0.0034722222
A37: 45951 | B37: 0.65630787 | C37: 0.6875 | D37: LED Kranz für Information Dome Testen | F37: =HYPERLINK("", "") | G37: Bastian | H37: Technik | J37: =IF(ISBLANK(C37),"",IF(RIGHT(C37,2)="h",TIMEVALUE(LEFT(C37,LEN(C37)-1)/24),C37-B37)) -> 0.03119213
A38: 45951 | B38: 0.77430556 | C38: 0.82638889 | D38: 3D Model Information Dome drucken Teil I | F38: =HYPERLINK("", "") | G38: Bastian | H38: Technik | J38: =IF(ISBLANK(C38),"",IF(RIGHT(C38,2)="h",TIMEVALUE(LEFT(C38,LEN(C38)-1)/24),C38-B38)) -> 0.052083333
A39: 45951 | B39: 0.91666667 | C39: 0.97916667 | D39: Protokoll Funktionen erweitert | E39: Protokoll App um den Punkt Kosten und Einnahmen/Ausgaben erweitert. Möglichkeit für Details hinzugefügt, die Übersicht erweitert und viele kleine Fehlerbehebungen. | F39: =HYPERLINK("", "") | G39: Kaspar | H39: Sonstiges | J39: =IF(ISBLANK(C39),"",IF(RIGHT(C39,2)="h",TIMEVALUE(LEFT(C39,LEN(C39)-1)/24),C39-B39)) -> 0.0625
A40: 45952 | B40: 0.84387731 | C40: 0.92721065 | D40: Information Dome 3D Model erstellen | E40: =HYPERLINK("", "") | F40: =HYPERLINK("", "") | G40: Bastian | H40: Praxis | J40: =IF(ISBLANK(C40),"",IF(RIGHT(C40,2)="h",TIMEVALUE(LEFT(C40,LEN(C40)-1)/24),C40-B40)) -> 0.083333333
A41: 45955 | B41: 0.97523148 | C41: 0.9965162 | D41: Information Dome fertigstellen | F41: =HYPERLINK("", "") | G41: Bastian | H41: Praxis | J41: =IF(ISBLANK(C41),"",IF(RIGHT(C41,2)="h",TIMEVALUE(LEFT(C41,LEN(C41)-1)/24),C41-B41)) -> 0.021284722
A42: 45956 | B42: 0.44675926 | C42: 0.90763889 | D42: Über die Geschichte des Einkaufswagens recherchiert & paar Daten schon in ein Word Dokument gepackt | E42: Genaue Details über den Einkaufswagen herausgefunden. Wie es zu seiner Erfindung kam, wie er unser Kaufverhalten beeinflusst, etc. | G42: Kaspar | H42: GGk | J42: =IF(ISBLANK(C42),"",IF(RIGHT(C42,2)="h",TIMEVALUE(LEFT(C42,LEN(C42)-1)/24),C42-B42)) -> 0.46087963
A43: 45956 | B43: 0.80496528 | C43: 0.88541667 | D43: Versucht Funkmodul ordentlich zu kalibrieren - Gescheitert :/ | E43: Versuch mit unserem Funkmodul eine Kommunikation zwschen zwei Funkmodulen herzustellen. War nicht so erfolgreich. Viel Arbeit herauszufinden wie das geht :/. Muss morgen wieder bei 0 anfangen :( | G43: Kaspar | H43: Technik | J43: =IF(ISBLANK(C43),"",IF(RIGHT(C43,2)="h",TIMEVALUE(LEFT(C43,LEN(C43)-1)/24),C43-B43)) -> 0.080451389
A44: 45957 | B44: 0.481875 | C44: 0.52354167 | D44: Bisschen mit der Navigation probiert | E44: Vor lauter Frust aufgegeben. Ein Problem für nach den Ferien... | G44: Kaspar | H44: Praxis | J44: =IF(ISBLANK(C44),"",IF(RIGHT(C44,2)="h",TIMEVALUE(LEFT(C44,LEN(C44)-1)/24),C44-B44)) -> 0.041666667
A45: 45965 | B45: 0.69167824 | C45: 0.80138889 | D45: Antrieb Verkabeln und Programmieren | F45: Tabellenblatt1_Images/11-04-202516-36-01.Wichtige Dokumente.181501.jpg | G45: Bastian | H45: Praxis | J45: =IF(ISBLANK(C45),"",IF(RIGHT(C45,2)="h",TIMEVALUE(LEFT(C45,LEN(C45)-1)/24),C45-B45)) -> 0.10971065
A46: 45966 | B46: 0.57777778 | C46: 0.62013889 | D46: ZS-X11H test | E46: Erstes mal das Rad drehen lassen mit dem ZS-X11H | G46: Bastian | H46: Technik | J46: =IF(ISBLANK(C46),"",IF(RIGHT(C46,2)="h",TIMEVALUE(LEFT(C46,LEN(C46)-1)/24),C46-B46)) -> 0.042361111
A47: 45966 | B47: 0.62291667 | C47: 0.64930556 | D47: Planung der Test Verkabelung | E47: Planung der Verkabelung für ZS-X11H, Joystick, Arduino Nano, Arduino | F47: Tabellenblatt1_Images/11-05-202514-57-00.Wichtige Dokumente.143635.jpg | G47: Bastian | H47: Technik | J47: =IF(ISBLANK(C47),"",IF(RIGHT(C47,2)="h",TIMEVALUE(LEFT(C47,LEN(C47)-1)/24),C47-B47)) -> 0.026388889
A48: 45972 | B48: 0.69791667 | C48: 0.83333333 | D48: Meeting zusammen bei Kaspar | E48: Weitere Arbeitsschritte besprochen, Planung erstellt. Wer was genau macht, einzelteile besprochen, etc. | G48: Bastian , Kaspar | H48: Sonstiges | J48: =IF(ISBLANK(C48),"",IF(RIGHT(C48,2)="h",TIMEVALUE(LEFT(C48,LEN(C48)-1)/24),C48-B48)) -> 0.13541667
A49: 45935 | B49: 0.60763889 | C49: 0.70486111 | D49: Display das erste mal funktionsfähig programmiert | E49: Hilfe durch Christian (Freund von meinem Papa) | G49: Kaspar | H49: Technik | J49: =IF(ISBLANK(C49),"",IF(RIGHT(C49,2)="h",TIMEVALUE(LEFT(C49,LEN(C49)-1)/24),C49-B49)) -> 0.097222222
A50: 45935 | B50: 0.71875 | C50: 0.9375 | D50: Display erweitert programmieren | E50: Da nun nedlich klar war, wie man das Display programmiert, habe ich mich zuhause hingesetzt und die Kompatibilaät mit der Steuerungswebseite funktionieren lassen. Sieht zwar noch nicht gut aus, aber technisch funktioniert es! | G50: Kaspar | H50: Technik | J50: =IF(ISBLANK(C50),"",IF(RIGHT(C50,2)="h",TIMEVALUE(LEFT(C50,LEN(C50)-1)/24),C50-B50)) -> 0.21875
A51: 45983 | B51: 0.43819444 | C51: 0.49861111 | D51: Hoverboardmotoren zum laufen bekommen | E51: Hoverboardmotoren haben sich gedreht so viel sie es sollten, haben dann aber angefangen bei neuem code sich nicht mehr richtig zu drehen und es gab einen Kurzschluss beim Stecker Akku-Hoverboard strom Versorgung | G51: Bastian | H51: Praxis | J51: =IF(ISBLANK(C51),"",IF(RIGHT(C51,2)="h",TIMEVALUE(LEFT(C51,LEN(C51)-1)/24),C51-B51)) -> 0.060416667
A52: 45984 | B52: 0.50625 | C52: 0.52083333 | D52: Hoverboard Kurzschluss Teilweise gelöst (Jetzt an neuer Stelle) | E52: Stecker Neu angelötet, passen aber jetzt nicht mehr ganz zusammen | G52: Bastian | H52: Praxis | J52: =IF(ISBLANK(C52),"",IF(RIGHT(C52,2)="h",TIMEVALUE(LEFT(C52,LEN(C52)-1)/24),C52-B52)) -> 0.014583333
A53: 45987 | B53: 0.71658565 | C53: 0.82075231 | D53: Ausarbeitung mit ein paar Quellen versehen | E53: Quellen zu Text nervig herausgesucht | G53: Kaspar | H53: Theorie | J53: =IF(ISBLANK(C53),"",IF(RIGHT(C53,2)="h",TIMEVALUE(LEFT(C53,LEN(C53)-1)/24),C53-B53)) -> 0.10416667
A54: 45997 | B54: 0.83333333 | C54: 0 | D54: Funkmodul-Fehlersuche | E54: Debugging der Funk-Module bis tief in die Nacht. Der Arduino geht ständig in einen Reset-Loop, irgendetwas muss mit den Teilen falsch sein, aber ich weiß nicht was. ChatGPT behauptet, die Teile seien zu billig, aber das kann doch nicht sein (hoffentlich). Noch gebe ich nicht auf! Aber ich fühl mich nicht ganz wohl bei der Sache. Ich habe irgendwie heute nichts neues erreicht. Ich hätte auch früher schlafen gehen können... Aber egal :/ | G54: Kaspar | H54: Praxis | J54: =IF(ISBLANK(C54),"",IF(RIGHT(C54,2)="h",TIMEVALUE(LEFT(C54,LEN(C54)-1)/24),C54-B54)) -> -0.83333333
A55: 45998 | B55: 0 | C55: 0.11626157 | D55: Funkmodul-Fehlersuche | E55: Debugging der Funk-Module bis tief in die Nacht. Der Arduino geht ständig in einen Reset-Loop, irgendetwas muss mit den Teilen falsch sein, aber ich weiß nicht was. ChatGPT behauptet, die Teile seien zu billig, aber das kann doch nicht sein (hoffentlich). Noch gebe ich nicht auf! Aber ich fühl mich nicht ganz wohl bei der Sache. Ich habe irgendwie heute nichts neues erreicht. Ich hätte auch früher schlafen gehen können... Aber egal :/ | G55: Kaspar | H55: Praxis | J55: =IF(ISBLANK(C55),"",IF(RIGHT(C55,2)="h",TIMEVALUE(LEFT(C55,LEN(C55)-1)/24),C55-B55)) -> 0.11626157
A56: 46000 | B56: 0.68958333 | C56: 0.71601852 | D56: Arbeitsplan erstellt | E56: Arbeitsplan von Ausarbeitung und Praktischen Teil erstellt | G56: Bastian | H56: Theorie | J56: =IF(ISBLANK(C56),"",IF(RIGHT(C56,2)="h",TIMEVALUE(LEFT(C56,LEN(C56)-1)/24),C56-B56)) -> 0.026435185
A57: 46000 | B57: 0.71805556 | C57: 0.74861111 | D57: Ausarbeitung | E57: Ausarbeitung gemacht, Eigenständigkeitsunterzeichnung rausgesucht (Natürlich mit Quelle) | G57: Bastian | H57: GGk | J57: =IF(ISBLANK(C57),"",IF(RIGHT(C57,2)="h",TIMEVALUE(LEFT(C57,LEN(C57)-1)/24),C57-B57)) -> 0.030555556
A58: 46011 | B58: 0.52430556 | C58: 0.55902778 | D58: Kleines WhatsApp Meeting abgehalten | E58: Infos besprochen. Weihnachtsferienpläne besprochen. Besprochen, was Herrn Bäurer abgegeben werden muss. | F58: Tabellenblatt1_Files_/12-20-202512-35-00.Wichtige Dokumente.121251.pdf | G58: Bastian , Kaspar | H58: Sonstiges | J58: =IF(ISBLANK(C58),"",IF(RIGHT(C58,2)="h",TIMEVALUE(LEFT(C58,LEN(C58)-1)/24),C58-B58)) -> 0.034722222
A59: 46017 | B59: 0.65283565 | C59: 0.72922454 | D59: Funkmodule zum senden und (teilw.) zum Empfangen gebracht | E59: Senden klappt laut Debug Methoden sehr gut. Empfangen klappt bisher nur die Erkennung. Nachrichten erkennen und entschlüsseln wird schwierig, da das Quarz innerhalb der Transceiver zu billig ist. Hab mich mit Frequenzen etc. auseinandersetzen müssen | G59: Kaspar | H59: Technik | J59: =IF(ISBLANK(C59),"",IF(RIGHT(C59,2)="h",TIMEVALUE(LEFT(C59,LEN(C59)-1)/24),C59-B59)) -> 0.076388889
A60: 46018 | B60: 0 | C60: 0.03125 | D60: Admin Dashboard erweitert | G60: Kaspar | H60: App/Web | J60: =IF(ISBLANK(C60),"",IF(RIGHT(C60,2)="h",TIMEVALUE(LEFT(C60,LEN(C60)-1)/24),C60-B60)) -> 0.03125
A61: 46018 | B61: 0.91666667 | C61: 0.98125 | D61: Debugging Funkmodule & Absturzursache ermittelt | E61: Sender (R4) läuft stabil mit "Blind-Sending" (Pin 3 Workaround). Empfänger (UNO) hat Reset-Loop durch 5V/3.3V Pegelkonflikt auf SPI-Leitungen identifiziert. Modul ist intakt. RSSI-Messung prinzipiell erfolgreich, Hardware-Fix (Widerstände) für Empfänger nötig | G61: Kaspar | H61: Technik | J61: =IF(ISBLANK(C61),"",IF(RIGHT(C61,2)="h",TIMEVALUE(LEFT(C61,LEN(C61)-1)/24),C61-B61)) -> 0.064583333
A62: 46019 | B62: 0.047222222 | C62: 0.055555556 | D62: Statistik Erstellung | E62: Formeln zur Berechnung des Gesamtaufwands und des prozentualen Anteils pro Person in den Spalten L, M, N im Sheet | G62: Kaspar | H62: Sonstiges | J62: =IF(ISBLANK(C62),"",IF(RIGHT(C62,2)="h",TIMEVALUE(LEFT(C62,LEN(C62)-1)/24),C62-B62)) -> 0.0083333333
A63: 46019 | B63: 0.056944444 | C63: 0.10416667 | D63: Admin Seite optimiert | E63: Dashboard-Stabilität erhöht. Mobiles Feedback und Dropdowns optimiert. Benachrichtigungs- und Backup-Logik überarbeitet. Berechnungen robuster | G63: Kaspar | H63: App/Web | J63: =IF(ISBLANK(C63),"",IF(RIGHT(C63,2)="h",TIMEVALUE(LEFT(C63,LEN(C63)-1)/24),C63-B63)) -> 0.047222222
A64: 46019 | B64: 0.625 | C64: 0.72916667 | D64: Hardware-Debugging & System-Migration | E64: Debugging der Transceiver-Kommunikation. Sender (R4) via Blind-Sending stabilisiert. Empfänger-Crashs am UNO auf 5V/3.3V Pegelkonflikt isoliert. Umstieg auf Nano V3 (AliExpress) SPI-Kommunikation scheitert aktuell an fehlenden Lötverbindungen | F64: Tabellenblatt1_Files_/12-28-202515-00-00.Wichtige Dokumente.164017.pdf | G64: Kaspar | H64: Technik | I64: Offen | J64: =IF(ISBLANK(C64),"",IF(RIGHT(C64,2)="h",TIMEVALUE(LEFT(C64,LEN(C64)-1)/24),C64-B64)) -> 0.10416667
A65: 46019 | B65: 0.73958333 | C65: 0.75694444 | D65: Erweiterung der Projekt-Statistiken | E65: Erstellung detaillierter Formeln für alle Tabellenblätter zur Statistikübersicht | G65: Kaspar | H65: Sonstiges | J65: =IF(ISBLANK(C65),"",IF(RIGHT(C65,2)="h",TIMEVALUE(LEFT(C65,LEN(C65)-1)/24),C65-B65)) -> 0.017361111
A66: 46019 | B66: 0.78333333 | C66: 0.79236111 | D66: Arbeitsjournal | E66: Zielsetzung und Fragestellung | G66: Bastian | H66: Theorie | J66: =IF(ISBLANK(C66),"",IF(RIGHT(C66,2)="h",TIMEVALUE(LEFT(C66,LEN(C66)-1)/24),C66-B66)) -> 0.0090277778
A67: 46019 | B67: 0.79513889 | C67: 0.80903935 | D67: Arbektsjournal | E67: Gliederungsverlauf | G67: Bastian | H67: Theorie | J67: =IF(ISBLANK(C67),"",IF(RIGHT(C67,2)="h",TIMEVALUE(LEFT(C67,LEN(C67)-1)/24),C67-B67)) -> 0.013900463
A68: 46019 | B68: 0.809375 | C68: 0.85138889 | D68: Finale Motor/Logiksteuerung 1 | E68: Finale Motor und Logiksteuerung planen | G68: Bastian | H68: Praxis | J68: =IF(ISBLANK(C68),"",IF(RIGHT(C68,2)="h",TIMEVALUE(LEFT(C68,LEN(C68)-1)/24),C68-B68)) -> 0.042013889
A69: 45972 | B69: 0.70833333 | C69: 0.75 | D69: Erstellung eines Arbeitsplanes, der eine Übersicht über die Webb/App Features gibt | E69: Man erhält genaue, Detailrecihe Informationen über die einzelnen Webseiten, Features der App. Kurze Erläuterung, der Features, die es braucht | G69: Kaspar | H69: Sonstiges | J69: =IF(ISBLANK(C69),"",IF(RIGHT(C69,2)="h",TIMEVALUE(LEFT(C69,LEN(C69)-1)/24),C69-B69)) -> 0.041666667
A70: 46020 | B70: 0.059722222 | C70: 0.068055556 | D70: Finale Motor/Logiksteuerung 2 | G70: Bastian | H70: Praxis | J70: =IF(ISBLANK(C70),"",IF(RIGHT(C70,2)="h",TIMEVALUE(LEFT(C70,LEN(C70)-1)/24),C70-B70)) -> 0.0083333333
A71: 46020 | B71: 0.44652778 | C71: 0.475 | D71: Verkabelung Motor 1 | G71: Bastian | H71: Praxis | J71: =IF(ISBLANK(C71),"",IF(RIGHT(C71,2)="h",TIMEVALUE(LEFT(C71,LEN(C71)-1)/24),C71-B71)) -> 0.028472222
A72: 46020 | B72: 0.58194444 | C72: 0.61319444 | D72: Verkabelung Motor 2 +Test | E72: Verkabelung hat geklappt, funktioniert aber nicht | G72: Bastian | H72: Technik | J72: =IF(ISBLANK(C72),"",IF(RIGHT(C72,2)="h",TIMEVALUE(LEFT(C72,LEN(C72)-1)/24),C72-B72)) -> 0.03125
A73: 46021 | B73: 0.58334491 | C73: 0.84449074 | D73: Meeting zusammen bei Kaspar mit Bastian | E73: Erfolgreiche Erkenntnisse gehabt, das unser "Holz" für den Kasten eigentlich aus Kunststoff besteht und zu hart ist um in ordentlich zu verarbeiten. Das hat uns unnötigerweise viel Zeit gekostet. Wir mussten von vorne anfangen und haben den Kasten komplett neu zugesägt. Wir haben Fortschritte ausgetauscht und weiteres Vorgehen besprochen. Wir haben geplant wie wir den Kasten und den Antrieb montieren wollen. | G73: Bastian , Kaspar | H73: Praxis | J73: =IF(ISBLANK(C73),"",IF(RIGHT(C73,2)="h",TIMEVALUE(LEFT(C73,LEN(C73)-1)/24),C73-B73)) -> 0.26114583
A74: 46021 | B74: 0.84791667 | C74: 0.86799769 | D74: Arbeitsjournal | E74: Erweiterung der Einträge für Reflexion und Protokollzusammenfassung | G74: Kaspar | H74: Theorie | J74: =IF(ISBLANK(C74),"",IF(RIGHT(C74,2)="h",TIMEVALUE(LEFT(C74,LEN(C74)-1)/24),C74-B74)) -> 0.020081019
A75: 46022 | B75: 0.49861111 | C75: 0.52291667 | D75: Antrieb Test, Verbindungskontrolle | E75: Fehlgeschlagen, ZS-X11H haben kurzsf | F75: Tabellenblatt1_Images/12-31-202511-58-00.Wichtige Dokumente.113116.jpg | G75: Bastian | H75: Praxis | J75: =IF(ISBLANK(C75),"",IF(RIGHT(C75,2)="h",TIMEVALUE(LEFT(C75,LEN(C75)-1)/24),C75-B75)) -> 0.024305556
A76: 46026 | B76: 0.54239583 | C76: 0.61603009 | D76: Arbeitsjournal | E76: Reflextion und Gliederung | G76: Bastian | H76: Theorie | J76: =IF(ISBLANK(C76),"",IF(RIGHT(C76,2)="h",TIMEVALUE(LEFT(C76,LEN(C76)-1)/24),C76-B76)) -> 0.073634259
A77: 46027 | B77: 0.47291667 | C77: 0.52663194 | D77: Ausarbeitungen | E77: Einleitung geschrieben | G77: Bastian | H77: Theorie | J77: =IF(ISBLANK(C77),"",IF(RIGHT(C77,2)="h",TIMEVALUE(LEFT(C77,LEN(C77)-1)/24),C77-B77)) -> 0.053715278
A78: 46027 | B78: 0.70902778 | C78: 0.74746528 | D78: Ausarbeitung | E78: Zukunftsteil | G78: Bastian | H78: Theorie | J78: =IF(ISBLANK(C78),"",IF(RIGHT(C78,2)="h",TIMEVALUE(LEFT(C78,LEN(C78)-1)/24),C78-B78)) -> 0.0384375
A79: 46027 | B79: 0.69791667 | C79: 0.83540509 | D79: Arbeitsjournaleinträge | E79: Reflexion und Selbsteinschätzung vom Projekt im Zug von Zermatt -> Basel SBB | G79: Kaspar | H79: Theorie | J79: =IF(ISBLANK(C79),"",IF(RIGHT(C79,2)="h",TIMEVALUE(LEFT(C79,LEN(C79)-1)/24),C79-B79)) -> 0.13748843
A80: 46027 | B80: 0.90069444 | C80: 0.94986111 | D80: Arbeitsjournal aus Zug zuhause (fertig) geschrieben | E80: - | G80: Kaspar | H80: Theorie | J80: =IF(ISBLANK(C80),"",IF(RIGHT(C80,2)="h",TIMEVALUE(LEFT(C80,LEN(C80)-1)/24),C80-B80)) -> 0.049166667
A81: 46027 | B81: 0.95515046 | C81: 0.96626157 | D81: Arbeitsjournal | E81: Ergebnisse ergänzt | G81: Kaspar | H81: Theorie | J81: =IF(ISBLANK(C81),"",IF(RIGHT(C81,2)="h",TIMEVALUE(LEFT(C81,LEN(C81)-1)/24),C81-B81)) -> 0.011111111
A82: 46028 | B82: 0.51741898 | C82: 0.68408565 | D82: Ausarbeitung mit Quellen versehen | E82: Gut vorangekommen. Der komplette Abschnitt 1 (von 3) ist nun erfolgreich mit Quellen versehen worden. | G82: Kaspar | H82: GGk | J82: =IF(ISBLANK(C82),"",IF(RIGHT(C82,2)="h",TIMEVALUE(LEFT(C82,LEN(C82)-1)/24),C82-B82)) -> 0.16666667
A83: 46028 | B83: 0.62222222 | C83: 0.6384375 | D83: Arbeitsjoural | G83: Bastian | H83: Theorie | J83: =IF(ISBLANK(C83),"",IF(RIGHT(C83,2)="h",TIMEVALUE(LEFT(C83,LEN(C83)-1)/24),C83-B83)) -> 0.016215278
A84: 46028 | B84: 0.66666667 | C84: 0.67300926 | D84: Arbeitsjoural | G84: Bastian | H84: Theorie | J84: =IF(ISBLANK(C84),"",IF(RIGHT(C84,2)="h",TIMEVALUE(LEFT(C84,LEN(C84)-1)/24),C84-B84)) -> 0.0063425926
A85: 46028 | B85: 0.7422338 | C85: 0.76792824 | D85: Kiste zusammengeschraubt, geschliffen & gebohrt | F85: Tabellenblatt1_Images/01-06-202617-48-49.Wichtige Dokumente.172518.jpg | G85: Kaspar | H85: Praxis | J85: =IF(ISBLANK(C85),"",IF(RIGHT(C85,2)="h",TIMEVALUE(LEFT(C85,LEN(C85)-1)/24),C85-B85)) -> 0.025694444
A86: 46028 | B86: 0.79166667 | C86: 0.82246528 | D86: Lötarbeiten am Arduino Nano | E86: Nano Kontakte an Extension gelötet, um Kontakt zu erzeugen. Wichtig für die Navigation. D8 & D9 wurden ausversehen zusammen gelötet, sind aber nicht relevant | F86: Tabellenblatt1_Images/01-06-202619-00-00.Wichtige Dokumente.184651.jpg | G86: Kaspar | H86: Praxis | J86: =IF(ISBLANK(C86),"",IF(RIGHT(C86,2)="h",TIMEVALUE(LEFT(C86,LEN(C86)-1)/24),C86-B86)) -> 0.030798611
A87: 46028 | B87: 0.84003472 | C87: 0.85947917 | D87: Ein wenig mit der Navigation probiert | E87: Wollte überprüfen, ob das Programm mit dem neu verlöteten Nano funktioniert. Erste ANsätze waren sehr positiv via Blind Sending, aber als ich umsetigen wollte auf den Überprüf-Modus hat es ein Problem mit den Pins gegeben. Ich werde mich morgen drum kümmern | G87: Kaspar | H87: Praxis | J87: =IF(ISBLANK(C87),"",IF(RIGHT(C87,2)="h",TIMEVALUE(LEFT(C87,LEN(C87)-1)/24),C87-B87)) -> 0.019444444
A88: 46029 | B88: 0.66319444 | C88: 0.74375 | D88: Ausarbeitung / Arbeitsjournal | G88: Bastian | H88: Theorie | J88: =IF(ISBLANK(C88),"",IF(RIGHT(C88,2)="h",TIMEVALUE(LEFT(C88,LEN(C88)-1)/24),C88-B88)) -> 0.080555556
A89: 46029 | B89: 0.81041667 | C89: 0.82361111 | D89: Arbeitsjoural | G89: Bastian | H89: Theorie | J89: =IF(ISBLANK(C89),"",IF(RIGHT(C89,2)="h",TIMEVALUE(LEFT(C89,LEN(C89)-1)/24),C89-B89)) -> 0.013194444
A90: 46029 | B90: 0.88541667 | C90: 0.98290509 | D90: Ausarbeitung komplett mit Quellen versehen | G90: Kaspar | H90: Theorie | J90: =IF(ISBLANK(C90),"",IF(RIGHT(C90,2)="h",TIMEVALUE(LEFT(C90,LEN(C90)-1)/24),C90-B90)) -> 0.097488426
A91: 46045 | B91: 0.60138889 | C91: 0.63730324 | D91: Materialien Kaufen+Transport | F91: Tabellenblatt1_Images/01-23-202614-26-00.Wichtige Dokumente.141837.jpg | G91: Bastian | H91: Praxis | J91: =IF(ISBLANK(C91),"",IF(RIGHT(C91,2)="h",TIMEVALUE(LEFT(C91,LEN(C91)-1)/24),C91-B91)) -> 0.035914352
A92: 46045 | B92: 0.6375 | C92: 0.75009259 | D92: Bau des Kastens | E92: Kasten Deckel und Boden zugesägt, verbunden, Informationen Dome | F92: Tabellenblatt1_Images/01-23-202615-18-00.Wichtige Dokumente.170301.jpg | G92: Bastian | H92: Praxis | J92: =IF(ISBLANK(C92),"",IF(RIGHT(C92,2)="h",TIMEVALUE(LEFT(C92,LEN(C92)-1)/24),C92-B92)) -> 0.11259259
A93: 46046 | B93: 0.41666667 | C93: 0.47857639 | D93: Motorsteuerung | G93: Bastian | H93: Praxis | J93: =IF(ISBLANK(C93),"",IF(RIGHT(C93,2)="h",TIMEVALUE(LEFT(C93,LEN(C93)-1)/24),C93-B93)) -> 0.061909722
A94: 46047 | B94: 0.66666667 | C94: 0.73819444 | D94: Debugging CC1101 Funkmodule & Diagnose Nano-Defekt | E94: Wollte die Funkstrecke für die Triangulation testen. Gab Hardware Fehler: 1. Verkabelung der AliExpress-Module war falsch (MOSI/MISO vertauscht). 2. Der Arduino Nano hat einen massiven Kurzschluss auf Pin 13 (und Umgebung). Software-Workarounds (Pin-Umzug) haben nicht geklappt; der Nano ist wohl durchgebrannt (evtl. Folge der Lötarbeiten?). Muss gegen einen neuen getauscht werden. | G94: Kaspar | H94: Praxis | J94: 0.072916667
A95: 46047 | B95: 0.75138889 | C95: 0.75534722 | D95: ZS-X11H funktioniert | E95: War ein Wackelkontakt im XT60 Schalter | G95: Bastian | H95: Praxis | J95: =IF(ISBLANK(C95),"",IF(RIGHT(C95,2)="h",TIMEVALUE(LEFT(C95,LEN(C95)-1)/24),C95-B95)) -> 0.0039583333
A96: 46048 | B96: 0.68402778 | C96: 0.73296296 | D96: Vormakieren von den Bauteilen auf dem Kasten + Erstellen der Halterung für die Schiebestange | G96: Bastian | H96: Praxis | J96: =IF(ISBLANK(C96),"",IF(RIGHT(C96,2)="h",TIMEVALUE(LEFT(C96,LEN(C96)-1)/24),C96-B96)) -> 0.048935185
A97: 46050 | B97: 0.65069444 | C97: 0.70188657 | D97: Konstruktion Display Halterung | G97: Bastian | H97: Praxis | J97: =IF(ISBLANK(C97),"",IF(RIGHT(C97,2)="h",TIMEVALUE(LEFT(C97,LEN(C97)-1)/24),C97-B97)) -> 0.05119213
A98: 46051 | B98: 0.63055556 | C98: 0.66875 | D98: Markierungen zum befestigen des Griffes+ Befestigungen Kontrolliert | E98: Richtiger Bohrer hat gefehlt, sonst hätte ich das jetzt fertig gemacht | G98: Bastian | H98: Praxis | J98: =IF(ISBLANK(C98),"",IF(RIGHT(C98,2)="h",TIMEVALUE(LEFT(C98,LEN(C98)-1)/24),C98-B98)) -> 0.038194444
A99: 46053 | B99: 0.58541667 | C99: 0.68333333 | D99: Montage des Griffes, Neubau des Holzes, Montage der Lautsprecher | G99: Bastian | H99: Praxis | J99: =IF(ISBLANK(C99),"",IF(RIGHT(C99,2)="h",TIMEVALUE(LEFT(C99,LEN(C99)-1)/24),C99-B99)) -> 0.097916667
A100: 46055 | B100: 0.62638889 | C100: 0.82291667 | D100: Bauen der Oberplatte, Konstruieren des Displayhalters, Befestigungsmaterialien kaufen, | G100: Bastian | H100: Praxis | J100: =IF(ISBLANK(C100),"",IF(RIGHT(C100,2)="h",TIMEVALUE(LEFT(C100,LEN(C100)-1)/24),C100-B100)) -> 0.19652778
A101: 46055 | B101: 0.8558912 | C101: 0.91422454 | D101: Fortschrittsmail an Hieber formulieren | G101: Kaspar | H101: Sonstiges | J101: =IF(ISBLANK(C101),"",IF(RIGHT(C101,2)="h",TIMEVALUE(LEFT(C101,LEN(C101)-1)/24),C101-B101)) -> 0.058333333
A102: 46056 | B102: 0.70833333 | C102: 0.82013889 | D102: Montage und Teilneubau der Unterplatte | G102: Bastian | H102: Praxis | J102: =IF(ISBLANK(C102),"",IF(RIGHT(C102,2)="h",TIMEVALUE(LEFT(C102,LEN(C102)-1)/24),C102-B102)) -> 0.11180556
...

Sheet Tabellenblatt2
A1: To Dos
A3: Aufgabe | B3: Details | C3: Erledigt? | D3: Verantwortlich | E3: Erledigen bis | F3: Benachrichtigung an: | G3: Erstellt am | H3: Typ | I3: Arbeitsplan (Praktisch/Theorie)
A4: Navigation Programmieren | C4: Offen | D4: Kaspar | E4: 46037 | G4: 46019 | H4: Aufgabe
A5: Geschichte Einkaufswagen dokumentieren | B5: recherche und daten eintragung in ein word dokument zur genauen geschichte des einkaufswagens. Wie hat man das vor dem Einkaufswagen gemacht? Wie könnte er morgen aussehen? | C5: Erledigt | D5: Kaspar | E5: 45970 | G5: 45956 | H5: Aufgabe
A6: Gliederung erstellen | B6: Gliederung für die Ausarbeitung | C6: Erledigt | D6: Kaspar | E6: 45954 | G6: 45959 | H6: Aufgabe
A7: Informationen Dome Modellieren | B7: Information Dome 3D Model erstellen | C7: Erledigt | D7: Bastian | E7: 45960 | G7: 45955 | H7: Aufgabe
A8: Information Dome drucken | B8: Information Dome drucken | C8: Erledigt | D8: Bastian | E8: 45964 | G8: 45955 | H8: Aufgabe
A9: Irgendwas von Basti bestellen | C9: Erledigt | D9: Kaspar | E9: 45954 | G9: 45955 | H9: Aufgabe
A10: Display mit Echtzeitdaten füttern | B10: Versuchen auf dem Display echte Sensor Daten anzuzeigen | C10: Offen | D10: Kaspar | E10: 46065 | G10: 46019 | H10: Aufgabe
A11: Interdevice Kommunikation (Peripheral, Slave) | B11: Versuchen Sensordaten zwischen unterschiedlichen Arduinos per Bluetooth/WLAN auszutauschen | C11: Offen | D11: Kaspar | E11: 46046 | G11: 46019 | H11: Aufgabe
A12: Information Dome zusammenbauen | C12: Erledigt | D12: Bastian | E12: 45965 | G12: 45956 | H12: Aufgabe
A13: Gliederung Verfeinern | C13: Erledigt | D13: Bastian | E13: 45972 | G13: 46028 | H13: Aufgabe
A14: Ausarbeitung mit Quellen versehen | C14: Erledigt | D14: Kaspar | E14: 46004 | G14: 46029 | H14: Aufgabe
A15: Code austauschen damit Kommunikation funktioniert | C15: Offen | D15: Bastian | E15: 46007 | G15: 45979 | H15: Aufgabe
A16: Motorsteuerung fertigstellen | C16: Offen | D16: Bastian | E16: 46005 | G16: 45979 | H16: Aufgabe
A17: Infos für Kasten herausfinden | B17: Kaspar schickt Daten | C17: Erledigt | D17: Kaspar | E17: 45989 | G17: 46019 | H17: Aufgabe
A18: Hieber eine Fortschrittsmail schicken | C18: Erledigt | D18: Kaspar | E18: 46007 | G18: 46055 | H18: Aufgabe
A19: Termin mit Thomas abklären für Freiburg | C19: Erledigt | D19: Kaspar | E19: 46030 | G19: 46036 | H19: Aufgabe
A20: Pegelwandler/Widerstände einbauen | B20: Widerstände für SPI-Leitungen (UNO 5V -> CC1101 3.3V) einbauen, um Abstürze zu beheben | C20: Erledigt | D20: Kaspar | E20: 46020 | G20: 46019 | H20: Aufgabe
A21: Arduino Nano löten | B21: Lötarbeiten an Nano und Funkmodulen,Stiftleisten erstmal testweise an einen Nano anlöten um stabile SPI-Kommunikation zu gewährleisten (Stecken führt zu ALARM) | C21: Erledigt | D21: Kaspar | E21: 46020 | G21: 46028 | H21: Aufgabe

Sheet Kosten
A1: Produkt | B1: ~ Preis | C1: Link | D1: Bezahlt? | E1: Von? | F1: Ingesamt
A2: Akku Antrieb | D2: Ja | E2: Kaspar | F2: =SUM(B2:B99999) -> 400.13
A3: Akku Steuerung | D3: Ja | E3: Kaspar
A4: Ein/Aus Schalter | B4: 0.88 | C4: https://de.aliexpress.com/item/1005008996108178.html | D4: Ja | E4: Kaspar
A5: Led Licht | B5: 2.94 | C5: https://de.aliexpress.com/item/1005002287819725.html | D5: Ja | E5: Kaspar
A6: Sensoren (Abstand) | D6: Ja | E6: Kaspar
A7: Antireb | D7: Ja | E7: Kaspar
A8: Platine vlt mehr als eine | D8: Ja | E8: Kaspar
A9: Joystick | B9: 0.99 | C9: https://de.aliexpress.com/item/1005007403082994.html | D9: Ja | E9: Kaspar
A10: Not aus | B10: 1.65 | C10: https://de.aliexpress.com/item/1005003537887052.html?spm=a2g0o.productlist.main.17.38477467h0mtsF&algo_pvid=d859a4d5-275f-457c-bf08-fb9825850210&algo_exp_id=d859a4d5-275f-457c-bf08-fb9825850210-16&pdp_ext_f=%7B%22order%22%3A%221194%22%2C%22eval%22%3A%221%22%7D&pdp_npi=4%40dis%21EUR%211.65%211.15%21%21%211.83%211.27%21%40211b876e17488818731712125edd13%2112000045660325452%21sea%21DE%210%21ABX&curPageLogUid=NCcOwmpt2G4d&utparam-url=scene%3Asearch%7Cquery_from%3A | D10: Ja | E10: Kaspar
A11: Fernbedingungs Set | B11: 29.59 | C11: https://de.aliexpress.com/item/1005005335596425.html?spm=a2g0o.productlist.main.35.5e9fbqWobqWocm&algo_pvid=e88db1a4-8ee2-4ef3-a667-08838b115b61&algo_exp_id=e88db1a4-8ee2-4ef3-a667-08838b115b61-34&pdp_ext_f=%7B%22order%22%3A%22107%22%2C%22eval%22%3A%221%22%7D&pdp_npi=4%40dis%21EUR%2110.56%217.39%21%21%2184.55%2159.17%21%40211b80f717488816481744023ee1cb%2112000032654451308%21sea%21DE%210%21ABX&curPageLogUid=636MpyNMG00k&utparam-url=scene%3Asearch%7Cquery_from%3A | D11: Ja | E11: Kaspar
A12: Motor Lenkung | D12: Ja | E12: Kaspar
A13: Statusleuchte | B13: 2.94 | C13: https://de.aliexpress.com/item/1005002287819725.html?spm=a2g0o.productlist.main.1.62e7laBglaBgbP&algo_pvid=8ddba63f-30fe-4815-8081-1b6f604af989&algo_exp_id=8ddba63f-30fe-4815-8081-1b6f604af989-0&pdp_ext_f=%7B%22order%22%3A%221240%22%2C%22eval%22%3A%221%22%7D&pdp_npi=4%40dis%21EUR%211.76%211.19%21%21%2114.09%219.53%21%40211b619a17488823456404671e5060%2112000036694876656%21sea%21DE%210%21ABX&curPageLogUid=3FxJSlBfdFfW&utparam-url=scene%3Asearch%7Cquery_from%3A | D13: Ja | E13: Kaspar
A14: Puffer | B14: 60 | D14: Nein
A15: Kabel | B15: 19.99 | D15: Ja | E15: Kaspar
A16: VL53L1X ToF Sensor 5x | B16: 16.23 | C16: https://de.aliexpress.com/item/1005006151346660.html | D16: Ja | E16: Kaspar
A17: Microcontroller (Arduino Uno, Nano, ESP32) | B17: 4 | C17: https://de.aliexpress.com/item/1005007545190469.html | D17: Ja | E17: Kaspar
A18: I2C Multiplexer | B18: 6.39 | C18: https://de.aliexpress.com/item/1005004996004241.html | D18: Ja | E18: Kaspar
A19: Steckbrett/Kabel | D19: Ja | E19: Kaspar
A20: E Roller (Antrieb/Akku) (Gashebel Kaputt) | B20: 100 | C20: https://www.kleinanzeigen.de/s-anzeige/e-scooter-viron-xi-700-s/3075759976-305-7729 | D20: Ja | E20: Bastian
A21: Puffer (Noch nicht gefundene Artikel) | B21: 120 | D21: Nein
A22: Digitaler Potentiometer I2C 2x | B22: 18.25 | C22: https://a.aliexpress.com/_EGSdJq8 | D22: Ja | E22: Kaspar
A23: ZS-XH11 2x | B23: 16.28 | C23: https://a.aliexpress.com/_Eu414ao | D23: Ja | E23: Kaspar

Sheet Bestellungen
A1: Preistabelle
B2: Typ | C2: Grund der Einnahme/Ausgabe | D2: Betrag | E2: Beleg | F2: Bezahlt/Erworben von | G2: Gesamtberechnung | H2: Gesamt
B3: Ausgabe | C3: 1ste Materialien | D3: 20.85 | F3: Bastian | G3: =IF(B3="Einnahme",SUM(D3),SUM(-D3)) -> -20.85 | H3: =SUM(G3:G199) -> -373.34
B4: Ausgabe | C4: Lack | D4: 4.78 | E4: SK Kassenzettel 2 16-07-2025.pdf | F4: Bastian | G4: =IF(B4="Einnahme",SUM(D4),SUM(-D4)) -> -4.78 | H4: =SUM(G3:G199) -> -373.34
B5: Ausgabe | C5: Handyhalterunghaltung | D5: 6 | E5: (Filament, Strom, Kleber) | F5: Bastian | G5: =IF(B5="Einnahme",SUM(D5),SUM(-D5)) -> -6 | H5: =SUM(G3:G199) -> -373.34
B6: Ausgabe | C6: Hoverboard (Motor,Reifen Akku) | D6: 25 | E6: -Kein Beleg (Ebay, Bar) | F6: Bastian | G6: =IF(B6="Einnahme",SUM(D6),SUM(-D6)) -> -25 | H6: =SUM(G3:G199) -> -373.34
B7: Ausgabe | C7: Elektronik Bestellung | D7: 133.56 | E7: Bestellungen_Files_/8.Beleg.153650.pdf | F7: Kaspar | G7: =IF(B7="Einnahme",SUM(D7),SUM(-D7)) -> -133.56 | H7: =SUM(G3:G199) -> -373.34
B8: Einnahme | C8: Hieber Sponsor Geld | H8: =SUM(G3:G199) -> -373.34
B9: Ausgabe | C9: Filamemt Information Dome | D9: 10 | E9: Filamemt Durchschnittspreis: 30€/kg; 300g Filamemt verbraucht - >~10€ | F9: Bastian | G9: =IF(B9="Einnahme",SUM(D9),SUM(-D9)) -> -10 | H9: =SUM(G3:G199) -> -373.34
B10: Ausgabe | C10: Weitere Kleinteile bei Ali bestellt | D10: 8 | E10: Bestellungen_Files_/11.Beleg.224249.pdf | F10: Kaspar | G10: =IF(B10="Einnahme",SUM(D10),SUM(-D10)) -> -8 | H10: =SUM(G3:G199) -> -373.34
B11: Ausgabe | C11: Basti wollte irgendeinen teuren Krams für sein blödes Hoverboard Teil 1 | D11: 23.27 | E11: Bestellungen_Files_/12.Beleg.090634.pdf | F11: Kaspar | G11: =IF(B11="Einnahme",SUM(D11),SUM(-D11)) -> -23.27 | H11: =SUM(G3:G199) -> -373.34
B12: Ausgabe | C12: Basti wollte irgendeinen teuren Krams für sein blödes Hoverboard Teil 2 | D12: 9.3 | E12: Bestellungen_Images/13.Beleg.091011.png | F12: Kaspar | G12: =IF(B12="Einnahme",SUM(D12),SUM(-D12)) -> -9.3 | H12: =SUM(G3:G199) -> -373.34
B13: Ausgabe | C13: Basti wollte irgendeinen teuren Krams für sein blödes Hoverboard Teil 1 | D13: 25.23 | E13: Bestellungen_Files_/14.Beleg.091134.pdf | F13: Kaspar | G13: =IF(B13="Einnahme",SUM(D13),SUM(-D13)) -> -25.23 | H13: =SUM(G3:G199) -> -373.34
B14: Ausgabe | C14: Stecker für Akku | D14: 2.95 | E14: Bestellungen_Images/202.Beleg.121812.jpg | F14: Bastian | G14: =IF(B14="Einnahme",SUM(D14),SUM(-D14)) -> -2.95 | H14: =SUM(G3:G199) -> -373.34
B15: Ausgabe | C15: Stromkabel | D15: 1.5 | E15: Bestellungen_Images/203.Beleg.162808.jpg | F15: Bastian | G15: =IF(B15="Einnahme",SUM(D15),SUM(-D15)) -> -1.5 | H15: =SUM(G3:G199) -> -373.34
B16: Ausgabe | C16: Lochband für Motorbefestugung | D16: 4.99 | E16: Bestellungen_Images/16.Beleg.144159.jpg | F16: Bastian | G16: =IF(B16="Einnahme",SUM(D16),SUM(-D16)) -> -4.99
B17: Ausgabe | C17: Schrauben + Rohrschellen | D17: 10.27 | E17: Bestellungen_Images/16.Beleg.141903.jpg | F17: Bastian | G17: =IF(B17="Einnahme",SUM(D17),SUM(-D17)) -> -10.27
B18: Ausgabe | C18: ZS-X11H 4x | D18: 26.8 | E18: Bestellungen_Images/18.Beleg.124033.png | F18: Bastian | G18: =IF(B18="Einnahme",SUM(D18),SUM(-D18)) -> -26.8
B19: Ausgabe | C19: XT60 Verbinder | D19: 3.19 | E19: Bestellungen_Images/19.Beleg.125142.png | F19: Bastian | G19: =IF(B19="Einnahme",SUM(D19),SUM(-D19)) -> -3.19
B20: Ausgabe | C20: Stromschalter XT60 | D20: 3.17 | E20: Bestellungen_Images/20.Beleg.125218.png | F20: Bastian | G20: =IF(B20="Einnahme",SUM(D20),SUM(-D20)) -> -3.17
B21: Ausgabe | C21: XT60 1 auf 2 Verbinder | D21: 1.62 | E21: Bestellungen_Images/21.Beleg.125244.png | F21: Bastian | G21: =IF(B21="Einnahme",SUM(D21),SUM(-D21)) -> -1.62
B22: Ausgabe | C22: Schrauben + Muttern | D22: 0.99 | E22: Bestellungen_Images/22.Beleg.170811.jpg | F22: Bastian | G22: =IF(B22="Einnahme",SUM(D22),SUM(-D22)) -> -0.99
B23: Ausgabe | C23: Kauf von Materialien für die befestigung des Antriebs am Einkaufswagen | D23: 16.22 | E23: Bestellungen_Images/23.Beleg.174807.jpg | F23: Bastian | G23: =IF(B23="Einnahme",SUM(D23),SUM(-D23)) -> -16.22
B24: Ausgabe | C24: Schrauben | D24: 9.65 | E24: Bestellungen_Images/24.Beleg.151627.jpg | F24: Bastian | G24: =IF(B24="Einnahme",SUM(D24),SUM(-D24)) -> -9.65
B25: Ausgabe | C25: Kabel | D25: 6 | E25: Bestellungen_Images/25.Beleg.171405.jpg | F25: Bastian | G25: =IF(B25="Einnahme",SUM(D25),SUM(-D25)) -> -6
B26: Ausgabe | C26: Ladegerät (Pauschal; noch nicht genau) | D26: 20 | F26: Bastian | G26: =IF(B26="Einnahme",SUM(D26),SUM(-D26)) -> -20

Sheet Pläne
A1: Plantyp | B1: Name des Plans | C1: Datei | D1: Erstellung von
A2: Übersicht | B2: Grobe Vorplanung | C2: Pläne_Files_/Übersicht.Datei.191339.pdf | D2: Bastian , Kaspar
A3: Hilfsplan | B3: Verkabelung der Sendemodule an den Arduino | C3: Pläne_Files_/Hilfsplan.Datei.164232.pdf | D3: Kaspar

Sheet Statistiken
B1: =SUM(B2:B3,2*B4) -> 10.569363
A2: Kaspar | B2: =SUMIF(Tabellenblatt1!G:G, A2, Tabellenblatt1!J:J) -> 3.558831 | C2: =COUNTIF(Tabellenblatt1!G:G, A2) -> 45
A3: Bastian | B3: =SUMIF(Tabellenblatt1!G:G, A3, Tabellenblatt1!J:J) -> 3.8396296 | C3: =COUNTIF(Tabellenblatt1!G:G, A3) -> 59
A4: Bastian , Kaspar | B4: =SUMIF(Tabellenblatt1!G:G, A4, Tabellenblatt1!J:J) -> 1.5854514 | C4: =COUNTIF(Tabellenblatt1!G:G, A4) -> 19
A5: Kapsar | B5: =SUMIF(Tabellenblatt1!G:G, A5, Tabellenblatt1!J:J) -> 0 | C5: =COUNTIF(Tabellenblatt1!G:G, A5) -> 0
A10: Person | B10: Dauer gesamt (B) | C10: Anzahl Einsätze (C) | D10: ø Dauer/Einsatz (D) | E10: Anteil (E)
A11: Kaspar | B11: =SUMIF(Tabellenblatt1!G:G, A11, Tabellenblatt1!J:J) -> 3.558831 | C11: =COUNTIF(Tabellenblatt1!G:G, A11) -> 45 | D11: =B11/C11 -> 0.079085134 | E11: =B11/B$1 -> 0.33671195
A12: Bastian | B12: =SUMIF(Tabellenblatt1!G:G, A12, Tabellenblatt1!J:J) -> 3.8396296 | C12: =COUNTIF(Tabellenblatt1!G:G, A12) -> 59 | D12: =B12/C12 -> 0.065078468 | E12: =B12/B$1 -> 0.36327918
A13: Team (Beide) | B13: =SUMIF(Tabellenblatt1!G:G, "* , *", Tabellenblatt1!J:J) -> 1.5854514 | C13: =COUNTIF(Tabellenblatt1!G:G, "* , *") -> 19 | D13: =B13/C13 -> 0.08344481 | E13: =2*B13/B$1 -> 0.30000887

Sheet Calc_Data
A1: Monat | B1: Monatliche Stunden (h) | C1: Kumulierte Stunden (h)
A2: 45778 | B2: =ROUND((SUMIFS(Tabellenblatt1!$J$5:$J$127, Tabellenblatt1!$A$5:$A$127, ">="&DATE(LEFT(A2,4), RIGHT(A2,2), 1), Tabellenblatt1!$A$5:$A$127, "<="&EOMONTH(DATE(LEFT(A2,4), RIGHT(A2,2), 1), 0)) + COUNTIFS(Tabellenblatt1!$J$5:$J$127, "<0", Tabellenblatt1!$A$5:$A$127, ">="&DATE(LEFT(A2,4), RIGHT(A2,2), 1), Tabellenblatt1!$A$5:$A$127, "<="&EOMONTH(DATE(LEFT(A2,4), RIGHT(A2,2), 1), 0))) * 24, 2) -> 88.43 | C2: =B2 -> 88.43
A3: 45809 | B3: =ROUND((SUMIFS(Tabellenblatt1!$J$5:$J$127, Tabellenblatt1!$A$5:$A$127, ">="&DATE(LEFT(A3,4), RIGHT(A3,2), 1), Tabellenblatt1!$A$5:$A$127, "<="&EOMONTH(DATE(LEFT(A3,4), RIGHT(A3,2), 1), 0)) + COUNTIFS(Tabellenblatt1!$J$5:$J$127, "<0", Tabellenblatt1!$A$5:$A$127, ">="&DATE(LEFT(A3,4), RIGHT(A3,2), 1), Tabellenblatt1!$A$5:$A$127, "<="&EOMONTH(DATE(LEFT(A3,4), RIGHT(A3,2), 1), 0))) * 24, 2) -> 10.88 | C3: =C2+B3 -> 99.31
A4: 45839 | B4: =ROUND((SUMIFS(Tabellenblatt1!$J$5:$J$127, Tabellenblatt1!$A$5:$A$127, ">="&DATE(LEFT(A4,4), RIGHT(A4,2), 1), Tabellenblatt1!$A$5:$A$127, "<="&EOMONTH(DATE(LEFT(A4,4), RIGHT(A4,2), 1), 0)) + COUNTIFS(Tabellenblatt1!$J$5:$J$127, "<0", Tabellenblatt1!$A$5:$A$127, ">="&DATE(LEFT(A4,4), RIGHT(A4,2), 1), Tabellenblatt1!$A$5:$A$127, "<="&EOMONTH(DATE(LEFT(A4,4), RIGHT(A4,2), 1), 0))) * 24, 2) -> 10.87 | C4: =C3+B4 -> 110.18
A5: 45870 | B5: =ROUND((SUMIFS(Tabellenblatt1!$J$5:$J$127, Tabellenblatt1!$A$5:$A$127, ">="&DATE(LEFT(A5,4), RIGHT(A5,2), 1), Tabellenblatt1!$A$5:$A$127, "<="&EOMONTH(DATE(LEFT(A5,4), RIGHT(A5,2), 1), 0)) + COUNTIFS(Tabellenblatt1!$J$5:$J$127, "<0", Tabellenblatt1!$A$5:$A$127, ">="&DATE(LEFT(A5,4), RIGHT(A5,2), 1), Tabellenblatt1!$A$5:$A$127, "<="&EOMONTH(DATE(LEFT(A5,4), RIGHT(A5,2), 1), 0))) * 24, 2) -> 18.37 | C5: =C4+B5 -> 128.55
A6: 45931 | B6: =ROUND((SUMIFS(Tabellenblatt1!$J$5:$J$127, Tabellenblatt1!$A$5:$A$127, ">="&DATE(LEFT(A6,4), RIGHT(A6,2), 1), Tabellenblatt1!$A$5:$A$127, "<="&EOMONTH(DATE(LEFT(A6,4), RIGHT(A6,2), 1), 0)) + COUNTIFS(Tabellenblatt1!$J$5:$J$127, "<0", Tabellenblatt1!$A$5:$A$127, ">="&DATE(LEFT(A6,4), RIGHT(A6,2), 1), Tabellenblatt1!$A$5:$A$127, "<="&EOMONTH(DATE(LEFT(A6,4), RIGHT(A6,2), 1), 0))) * 24, 2) -> 36.7 | C6: =C5+B6 -> 165.25
A7: 45962 | B7: =ROUND((SUMIFS(Tabellenblatt1!$J$5:$J$127, Tabellenblatt1!$A$5:$A$127, ">="&DATE(LEFT(A7,4), RIGHT(A7,2), 1), Tabellenblatt1!$A$5:$A$127, "<="&EOMONTH(DATE(LEFT(A7,4), RIGHT(A7,2), 1), 0)) + COUNTIFS(Tabellenblatt1!$J$5:$J$127, "<0", Tabellenblatt1!$A$5:$A$127, ">="&DATE(LEFT(A7,4), RIGHT(A7,2), 1), Tabellenblatt1!$A$5:$A$127, "<="&EOMONTH(DATE(LEFT(A7,4), RIGHT(A7,2), 1), 0))) * 24, 2) -> 12.83 | C7: =C6+B7 -> 178.08
A8: 45992 | B8: =ROUND((SUMIFS(Tabellenblatt1!$J$5:$J$127, Tabellenblatt1!$A$5:$A$127, ">="&DATE(LEFT(A8,4), RIGHT(A8,2), 1), Tabellenblatt1!$A$5:$A$127, "<="&EOMONTH(DATE(LEFT(A8,4), RIGHT(A8,2), 1), 0)) + COUNTIFS(Tabellenblatt1!$J$5:$J$127, "<0", Tabellenblatt1!$A$5:$A$127, ">="&DATE(LEFT(A8,4), RIGHT(A8,2), 1), Tabellenblatt1!$A$5:$A$127, "<="&EOMONTH(DATE(LEFT(A8,4), RIGHT(A8,2), 1), 0))) * 24, 2) -> 27.9 | C8: =C7+B8 -> 205.98
A9: 46023 | B9: =ROUND((SUMIFS(Tabellenblatt1!$J$5:$J$127, Tabellenblatt1!$A$5:$A$127, ">="&DATE(LEFT(A9,4), RIGHT(A9,2), 1), Tabellenblatt1!$A$5:$A$127, "<="&EOMONTH(DATE(LEFT(A9,4), RIGHT(A9,2), 1), 0)) + COUNTIFS(Tabellenblatt1!$J$5:$J$127, "<0", Tabellenblatt1!$A$5:$A$127, ">="&DATE(LEFT(A9,4), RIGHT(A9,2), 1), Tabellenblatt1!$A$5:$A$127, "<="&EOMONTH(DATE(LEFT(A9,4), RIGHT(A9,2), 1), 0))) * 24, 2) -> 32.24 | C9: =C8+B9 -> 238.22
A10: 46054 | B10: =ROUND((SUMIFS(Tabellenblatt1!$J$5:$J$127, Tabellenblatt1!$A$5:$A$127, ">="&DATE(LEFT(A10,4), RIGHT(A10,2), 1), Tabellenblatt1!$A$5:$A$127, "<="&EOMONTH(DATE(LEFT(A10,4), RIGHT(A10,2), 1), 0)) + COUNTIFS(Tabellenblatt1!$J$5:$J$127, "<0", Tabellenblatt1!$A$5:$A$127, ">="&DATE(LEFT(A10,4), RIGHT(A10,2), 1), Tabellenblatt1!$A$5:$A$127, "<="&EOMONTH(DATE(LEFT(A10,4), RIGHT(A10,2), 1), 0))) * 24, 2) -> 39.06 | C10: =C9+B10 -> 277.28
A11: 46082 | B11: =ROUND((SUMIFS(Tabellenblatt1!$J$5:$J$127, Tabellenblatt1!$A$5:$A$127, ">="&DATE(LEFT(A11,4), RIGHT(A11,2), 1), Tabellenblatt1!$A$5:$A$127, "<="&EOMONTH(DATE(LEFT(A11,4), RIGHT(A11,2), 1), 0)) + COUNTIFS(Tabellenblatt1!$J$5:$J$127, "<0", Tabellenblatt1!$A$5:$A$127, ">="&DATE(LEFT(A11,4), RIGHT(A11,2), 1), Tabellenblatt1!$A$5:$A$127, "<="&EOMONTH(DATE(LEFT(A11,4), RIGHT(A11,2), 1), 0))) * 24, 2) -> 17.09 | C11: =C10+B11 -> 294.37
A12: 46113 | B12: =ROUND((SUMIFS(Tabellenblatt1!$J$5:$J$127, Tabellenblatt1!$A$5:$A$127, ">="&DATE(LEFT(A12,4), RIGHT(A12,2), 1), Tabellenblatt1!$A$5:$A$127, "<="&EOMONTH(DATE(LEFT(A12,4), RIGHT(A12,2), 1), 0)) + COUNTIFS(Tabellenblatt1!$J$5:$J$127, "<0", Tabellenblatt1!$A$5:$A$127, ">="&DATE(LEFT(A12,4), RIGHT(A12,2), 1), Tabellenblatt1!$A$5:$A$127, "<="&EOMONTH(DATE(LEFT(A12,4), RIGHT(A12,2), 1), 0))) * 24, 2) -> 8.58 | C12: =C11+B12 -> 302.95
A13: 46143 | B13: =ROUND((SUMIFS(Tabellenblatt1!$J$5:$J$127, Tabellenblatt1!$A$5:$A$127, ">="&DATE(LEFT(A13,4), RIGHT(A13,2), 1), Tabellenblatt1!$A$5:$A$127, "<="&EOMONTH(DATE(LEFT(A13,4), RIGHT(A13,2), 1), 0)) + COUNTIFS(Tabellenblatt1!$J$5:$J$127, "<0", Tabellenblatt1!$A$5:$A$127, ">="&DATE(LEFT(A13,4), RIGHT(A13,2), 1), Tabellenblatt1!$A$5:$A$127, "<="&EOMONTH(DATE(LEFT(A13,4), RIGHT(A13,2), 1), 0))) * 24, 2) -> 4.25 | C13: =C12+B13 -> 307.2
A14: 46204 | B14: =ROUND((SUMIFS(Tabellenblatt1!$J$5:$J$127, Tabellenblatt1!$A$5:$A$127, ">="&DATE(LEFT(A14,4), RIGHT(A14,2), 1), Tabellenblatt1!$A$5:$A$127, "<="&EOMONTH(DATE(LEFT(A14,4), RIGHT(A14,2), 1), 0)) + COUNTIFS(Tabellenblatt1!$J$5:$J$127, "<0", Tabellenblatt1!$A$5:$A$127, ">="&DATE(LEFT(A14,4), RIGHT(A14,2), 1), Tabellenblatt1!$A$5:$A$127, "<="&EOMONTH(DATE(LEFT(A14,4), RIGHT(A14,2), 1), 0))) * 24, 2) -> 4.42 | C14: =C13+B14 -> 311.62
